3R
CANONNIERS DE QUEBEC @ ORLANDO MAGIC
07/25/2034
 
TOP OF THE 1ST
Canonniers de Quebec batting - Pitching for Orlando Magic : RHP Greg Hoover
Pitching: RHP Greg Hoover
Batting: RHB Rich Lucas 0-0: Ball
1-0: Foul Ball, location: 2F
1-1: Ball
2-1: Swinging Strike
2-2: Foul Ball, location: 2F
2-2: Ball
3-2: Base on Balls
Batting: RHB Josh Iriarte 0-0: Foul Ball, location: 2F
0-1: Called Strike
0-2: Foul Ball, location: 2F
0-2: Ball
1-2: Foul Ball, location: 2F
1-2: Fielders Choice at 2nd, 1-6 (Groundball, 13S)
Batting: RHB Sallvador Rebola 0-0: Called Strike
0-1: SINGLE (Line Drive, 34D)
Josh Iriarte to second
Batting: RHB Mei-shio Lan 0-0: Fly out, F4 (Line Drive, 4M)
Batting: LHB Joaquín Vera 0-0: Called Strike
0-1: Foul Ball, location: 2F
0-2: Foul Ball, location: 2F
0-2: SINGLE (Line Drive, 4MD)
Josh Iriarte to third
Sallvador Rebola to second
Runner from 3rd tries for Home, SAFE, no throw
Batting: RHB Dylan Oram 0-0: Foul Ball, location: 2F
0-1: Foul Ball, location: 2F
0-2: Ball
1-2: Ball
2-2: Strikes out looking
Top of the 1st over - 1 run, 2 hits, 0 errors, 2 left on base; Canonniers de Quebec 1 - Orlando 0
BOTTOM OF THE 1ST
Orlando Magic batting - Pitching for Canonniers de Quebec : RHP Ernest Brock
Pitching: RHP Ernest Brock
Batting: RHB Beco Bnard 0-0: Swinging Strike
0-1: Ball
1-1: Foul Ball, location: 2F
1-2: Strikes out swinging, 2-3 out at first.
Batting: RHB Ted Norman 0-0: Called Strike
0-1: Ball
1-1: Ball
2-1: Foul Ball, location: 2F
2-2: Strikes out swinging
Batting: RHB Ángel Castro 0-0: Swinging Strike
0-1: Called Strike
0-2: Ball
1-2: Strikes out swinging
Bottom of the 1st over - 0 runs, 0 hits, 0 errors, 0 left on base; Canonniers de Quebec 1 - Orlando 0
TOP OF THE 2ND
Canonniers de Quebec batting - Pitching for Orlando Magic : RHP Greg Hoover
Batting: RHB Onel Mendi 0-0: Ball
1-0: Ball
2-0: Called Strike
2-1: Ball
3-1: Swinging Strike
3-2: Strikes out swinging
Batting: RHB Spencer Wiggins 0-0: Ball
1-0: Ball
2-0: Swinging Strike
2-1: SINGLE (Groundball, 34S) (infield hit)
Batting: RHB Sean Urien 0-0: Called Strike
0-1: DOUBLE (Line Drive, 89D)
Spencer Wiggins to third
Batting: RHB Rich Lucas 0-0: Ball
1-0: Swinging Strike
1-1: Ball
2-1: Swinging Strike
2-2: Ball
3-2: Foul Ball, location: 2F
3-2: Foul Ball, location: 2F
3-2: Strikes out swinging
Batting: RHB Josh Iriarte 0-0: Ball
1-0: Foul Ball, location: 2F
1-1: Ball
2-1: Ball
3-1: Called Strike
3-2: Base on Balls
Batting: RHB Sallvador Rebola 0-0: Ground out 4-3 (Groundball, 4)
Top of the 2nd over - 0 runs, 2 hits, 0 errors, 3 left on base; Canonniers de Quebec 1 - Orlando 0
BOTTOM OF THE 2ND
Orlando Magic batting - Pitching for Canonniers de Quebec : RHP Ernest Brock
Batting: LHB Donald McJannett 0-0: Ball
1-0: Foul Ball, location: 2F
1-1: Ball
2-1: Called Strike
2-2: Ball
3-2: Foul Ball, location: 2F
3-2: Fly out, F9 (Line Drive, 89D)
Batting: RHB Adrián Xirau 0-0: Called Strike
0-1: Ground out 6-3 (Groundball, 6MD)
Batting: LHB Abraham Ruenuitz 0-0: Ball
1-0: Ball
2-0: Ball
3-0: Called Strike
3-1: Foul Ball, location: 2F
3-2: Ground out 4-3 (Groundball, 4)
Bottom of the 2nd over - 0 runs, 0 hits, 0 errors, 0 left on base; Canonniers de Quebec 1 - Orlando 0
TOP OF THE 3RD
Canonniers de Quebec batting - Pitching for Orlando Magic : RHP Greg Hoover
Batting: RHB Mei-shio Lan 0-0: Called Strike
0-1: Called Strike
0-2: Strikes out swinging, 2-3 out at first.
Batting: LHB Joaquín Vera 0-0: Called Strike
0-1: Ball
1-1: Ground out 4-3 (Groundball, 4M)
Batting: RHB Dylan Oram 0-0: Foul Ball, location: 2F
0-1: Ball
1-1: DOUBLE (Flyball, 8LD)
Batting: RHB Onel Mendi 0-0: Ball
1-0: Fly out, F7 (Flyball, 7LS)
Top of the 3rd over - 0 runs, 1 hit, 0 errors, 1 left on base; Canonniers de Quebec 1 - Orlando 0
BOTTOM OF THE 3RD
Orlando Magic batting - Pitching for Canonniers de Quebec : RHP Ernest Brock
Batting: RHB J.J. Holmes 0-0: Ball
1-0: Ball
2-0: Ball
3-0: Called Strike
3-1: Called Strike
3-2: Fly out, F9 (Flyball, 9)
Batting: RHB António Gómez 0-0: Ball
1-0: Swinging Strike
1-1: Foul Ball, location: 2F
1-2: SINGLE (Groundball, 56D)
Batting: RHB Michael Richardson 0-0: Ball
1-0: Foul Ball, location: 2F
1-1: Fly out, F9 (Flyball, 9)
Batting: RHB Beco Bnard 0-0: Called Strike
0-1: Foul Ball, location: 2F
0-2: Ball
1-2: Ball
2-2: Fly out, F5 (Popup, 5)
Bottom of the 3rd over - 0 runs, 1 hit, 0 errors, 1 left on base; Canonniers de Quebec 1 - Orlando 0
TOP OF THE 4TH
Canonniers de Quebec batting - Pitching for Orlando Magic : RHP Greg Hoover
Batting: RHB Spencer Wiggins 0-0: Called Strike
0-1: Ground out 3-1 (Groundball, 34S)
Batting: RHB Sean Urien 0-0: Ball
1-0: SINGLE (Line Drive, 6)
Batting: RHB Rich Lucas 0-0: Foul Ball, location: 2F
0-1: Called Strike
0-2: Ball
1-2: Ball
2-2: Ball
3-2: Foul Ball, location: 2F
3-2: Strikes out swinging
Batting: RHB Josh Iriarte 0-0: Ball
1-0: Ball
2-0: Ball
Wild Pitch!
Sean Urien to second
3-0: Base on Balls
Batting: RHB Sallvador Rebola 0-0: Foul Ball, location: 2F
0-1: Foul Ball, location: 2F
0-2: Ground out 4-3 (Groundball, 4)
Top of the 4th over - 0 runs, 1 hit, 0 errors, 2 left on base; Canonniers de Quebec 1 - Orlando 0
BOTTOM OF THE 4TH
Orlando Magic batting - Pitching for Canonniers de Quebec : RHP Ernest Brock
Batting: RHB Ted Norman 0-0: SINGLE (Groundball, 4M) (infield hit)
Batting: RHB Ángel Castro 0-0: Called Strike
0-1: Ball
1-1: Swinging Strike
1-2: Strikes out swinging
Pitching: RHP Li-zhu Koo
Batting: LHB Donald McJannett 0-0: Called Strike
0-1: Ball
1-1: Foul Ball, location: 2F
1-2: Strikes out swinging
Batting: RHB Adrián Xirau 0-0: SINGLE (Groundball, 25) (infield hit)
Ted Norman to second
Batting: LHB Abraham Ruenuitz 0-0: Ball
1-0: Called Strike
1-1: Ball
2-1: SINGLE (Groundball, 4MD)
Ted Norman to third
Adrián Xirau to second
Runner from 3rd tries for Home, SAFE, no throw
Batting: RHB J.J. Holmes 0-0: Ball
1-0: Foul Ball, location: 2F
1-1: Ball
2-1: Foul Ball, location: 2F
2-2: Foul Ball, location: 2F
2-2: Foul Ball, location: 2F
2-2: Foul Ball, location: 2F
2-2: Ground out 1-3 (Groundball, 13S)
Bottom of the 4th over - 1 run, 3 hits, 0 errors, 2 left on base; Canonniers de Quebec 1 - Orlando 1
TOP OF THE 5TH
Canonniers de Quebec batting - Pitching for Orlando Magic : RHP Greg Hoover
Batting: RHB Mei-shio Lan 0-0: Ball
1-0: DOUBLE (Line Drive, 7D)
Batting: LHB Joaquín Vera 0-0: Intentional Walk
Batting: RHB Dylan Oram 0-0: Bunt missed!
0-1: Sac Bunt - play at first, batter OUT! 2-4
Mei-shio Lan to third
Joaquín Vera to second
Batting: RHB Onel Mendi 0-0: Ball
1-0: Fly out, F9 (Flyball, 89M)
Runner from 3rd tags up, SCORES, throw made
Batting: RHB Spencer Wiggins 0-0: Intentional Walk
Batting: RHB Sean Urien 0-0: Called Strike
0-1: Called Strike
0-2: Fielders Choice at 2nd, 6-4 (Groundball, 6)
Top of the 5th over - 1 run, 1 hit, 0 errors, 2 left on base; Canonniers de Quebec 2 - Orlando 1
BOTTOM OF THE 5TH
Orlando Magic batting - Pitching for Canonniers de Quebec : RHP Li-zhu Koo
Batting: RHB António Gómez 0-0: Ball
1-0: Foul Ball, location: 2F
1-1: Ball
2-1: Called Strike
2-2: SINGLE (Groundball, 4D)
Batting: RHB Michael Richardson 0-0: Bunted foul
0-1: Bunted foul
0-2: Foul Ball, location: 2F
0-2: Fly out, F3 (Popup, 4S)
Batting: RHB Beco Bnard 0-0: Single, Error in OF, E8, batter to second base
António Gómez to third
Batting: RHB Ted Norman 0-0: Ball
1-0: Called Strike
1-1: Foul Ball, location: 2F
1-2: Strikes out swinging
Batting: RHB Ángel Castro 0-0: Called Strike
0-1: Ball
1-1: Called Strike
1-2: Ground out 1-3 (Groundball, P)
Bottom of the 5th over - 0 runs, 2 hits, 1 error, 2 left on base; Canonniers de Quebec 2 - Orlando 1
TOP OF THE 6TH
Canonniers de Quebec batting - Pitching for Orlando Magic : RHP Greg Hoover
Batting: RHB Rich Lucas 0-0: Called Strike
0-1: Ball
1-1: Fly out, F7 (Flyball, 7D)
Batting: RHB Josh Iriarte 0-0: Called Strike
0-1: Foul Ball, location: 2F
0-2: Ball
1-2: Ball
2-2: Ground out 6-3 (Groundball, 6)
Batting: RHB Sallvador Rebola 0-0: Ball
1-0: Swinging Strike
1-1: DOUBLE (Line Drive, 89M)
Batting: RHB Mei-shio Lan 0-0: Intentional Walk
Batting: LHB Joaquín Vera 0-0: Swinging Strike
0-1: Ball
1-1: Ball
2-1: SINGLE (Line Drive, 8RS)
Sallvador Rebola to third
Mei-shio Lan to second
Runner from 3rd tries for Home, SAFE, no throw
Pitching: LHP Jimmy Whitney
Batting: RHB Dylan Oram 0-0: Swinging Strike
0-1: Foul Ball, location: 2F
0-2: Ball
1-2: Ball
2-2: Strikes out swinging
Top of the 6th over - 1 run, 2 hits, 0 errors, 2 left on base; Canonniers de Quebec 3 - Orlando 1
BOTTOM OF THE 6TH
Orlando Magic batting - Pitching for Canonniers de Quebec : RHP Li-zhu Koo
Batting: LHB Donald McJannett 0-0: Swinging Strike
0-1: Ball
1-1: SOLO HOME RUN (Flyball, 9LD), Distance : 330 ft
Batting: RHB Adrián Xirau 0-0: Called Strike
0-1: Foul Ball, location: 2F
0-2: Ball
1-2: Strikes out swinging
Batting: LHB Abraham Ruenuitz 0-0: Ball
1-0: Ball
2-0: SINGLE (Line Drive, 89S)
Batting: RHB J.J. Holmes 0-0: Foul Ball, location: 2F
0-1: Ball
1-1: Fly out, F8 (Flyball, 89D)
Batting: RHB António Gómez 0-0: Foul Ball, location: 2F
0-1: Called Strike
0-2: Fielders Choice at 2nd, 6-4 (Groundball, 6)
Bottom of the 6th over - 1 run, 2 hits, 0 errors, 1 left on base; Canonniers de Quebec 3 - Orlando 2
TOP OF THE 7TH
Canonniers de Quebec batting - Pitching for Orlando Magic : LHP Jimmy Whitney
Batting: RHB Onel Mendi 0-0: Ground out 5-3 (Groundball, 56)
Batting: RHB Spencer Wiggins 0-0: Foul Ball, location: 2F
0-1: Ball
1-1: Fly out, F7 (Flyball, 78D)
Batting: RHB Sean Urien 0-0: Foul Ball, location: 2F
0-1: Ball
1-1: Foul Ball, location: 2F
1-2: Ball
2-2: Strikes out swinging
Top of the 7th over - 0 runs, 0 hits, 0 errors, 0 left on base; Canonniers de Quebec 3 - Orlando 2
BOTTOM OF THE 7TH
Orlando Magic batting - Pitching for Canonniers de Quebec : RHP Li-zhu Koo
Pitching: RHP Jim Maxwell
Batting: RHB Michael Richardson 0-0: Ball
1-0: Ball
2-0: DOUBLE (Line Drive, 7LM)
Batting: RHB Beco Bnard 0-0: Ball
1-0: Bunted foul
1-1: Bunt missed!
1-2: Ball
2-2: Foul Ball, location: 2F
2-2: Ground out 5-3 (Groundball, 5)
Batting: RHB Ted Norman 0-0: Called Strike
0-1: Swinging Strike
0-2: Strikes out swinging
Pinch Hitting: LHB Jimmy Wilcox 0-0: SINGLE (Groundball, 34) (infield hit)
Michael Richardson to third
Batting: LHB Donald McJannett 0-0: Ground out U3 (Groundball, 34S)
Bottom of the 7th over - 0 runs, 2 hits, 0 errors, 2 left on base; Canonniers de Quebec 3 - Orlando 2
TOP OF THE 8TH
Canonniers de Quebec batting - Pitching for Orlando Magic : LHP Jimmy Whitney
Now in CF: Bradley Kemp
Batting: RHB Rich Lucas 0-0: Ball
1-0: Ball
2-0: Ball
3-0: Base on Balls
Batting: RHB Josh Iriarte 0-0: Ball
1-0: Foul Ball, location: 2F
1-1: Ball
2-1: DOUBLE (Line Drive, 78D)
Rich Lucas to third
Runner from 3rd tries for Home, SAFE, no throw
Batting: RHB Sallvador Rebola 0-0: Intentional Walk
Batting: RHB Mei-shio Lan 0-0: Swinging Strike
0-1: Ball
Wild Pitch!
Josh Iriarte to third
Sallvador Rebola to second
1-1: Intentional Walk
Batting: LHB Joaquín Vera 0-0: SINGLE (Line Drive, 9LS)
Josh Iriarte scores
Sallvador Rebola to third
Mei-shio Lan to second
Batting: RHB Dylan Oram 0-0: Called Strike
0-1: Foul Ball, location: 2F
0-2: Ball
1-2: Strikes out swinging
Batting: RHB Onel Mendi 0-0: Ball
1-0: Ball
2-0: Fly out, F8 (Flyball, 78D)
Runner from 3rd tags up, SCORES, throw made
Pitching: RHP Octávio Córdova
Batting: RHB Spencer Wiggins 0-0: Ball
1-0: Ball
2-0: SINGLE (Groundball, 6MD)
Mei-shio Lan to third
Joaquín Vera to second
Batting: RHB Sean Urien 0-0: Ball
1-0: Ball
2-0: DOUBLE (Line Drive, 89D)
Mei-shio Lan scores
Joaquín Vera scores
Spencer Wiggins to third
Runner from 3rd tries for Home, SAFE, no throw
Batting: RHB Rich Lucas 0-0: Swinging Strike
0-1: Foul Ball, location: 2F
0-2: Ball
1-2: Strikes out looking
Top of the 8th over - 6 runs, 4 hits, 0 errors, 1 left on base; Canonniers de Quebec 9 - Orlando 2
BOTTOM OF THE 8TH
Orlando Magic batting - Pitching for Canonniers de Quebec : RHP Jim Maxwell
Batting: RHB Adrián Xirau 0-0: Ball
1-0: Ground out 4-3 (Groundball, 4)
Batting: LHB Abraham Ruenuitz 0-0: Ball
1-0: Ground out 3-1 (Groundball, 34)
Batting: RHB J.J. Holmes 0-0: Called Strike
0-1: Called Strike
0-2: Ball
1-2: SINGLE (Groundball, 6MD)
Pitching: RHP Aidan Hughes
Batting: RHB António Gómez 0-0: Called Strike
0-1: Swinging Strike
0-2: Ball
1-2: Strikes out looking
Bottom of the 8th over - 0 runs, 1 hit, 0 errors, 1 left on base; Canonniers de Quebec 9 - Orlando 2
TOP OF THE 9TH
Canonniers de Quebec batting - Pitching for Orlando Magic : RHP Octávio Córdova
Pitching: LHP Amberlan Romubio
Batting: RHB Josh Iriarte 0-0: Called Strike
0-1: Ball
1-1: Foul Ball, location: 2F
1-2: Foul Ball, location: 2F
1-2: Ball
2-2: Ground out 6-3 (Groundball, 6)
Batting: RHB Sallvador Rebola 0-0: Called Strike
0-1: Foul Ball, location: 2F
0-2: Ball
1-2: Strikes out looking
Batting: RHB Mei-shio Lan 0-0: Ball
1-0: Swinging Strike
1-1: Foul Ball, location: 2F
1-2: Strikes out looking
Top of the 9th over - 0 runs, 0 hits, 0 errors, 0 left on base; Canonniers de Quebec 9 - Orlando 2
BOTTOM OF THE 9TH
Orlando Magic batting - Pitching for Canonniers de Quebec : RHP Aidan Hughes
Batting: RHB Michael Richardson 0-0: Called Strike
0-1: Ball
1-1: Foul Ball, location: 2F
1-2: Foul Ball, location: 2F
1-2: DOUBLE (Line Drive, 7LD)
Batting: RHB Beco Bnard 0-0: Ball
1-0: Swinging Strike
1-1: Ball
2-1: Foul Ball, location: 2F
2-2: Ball
3-2: Fly out, F4 (Popup, 4M)
Batting: RHB Ted Norman 0-0: Foul Ball, location: 2F
0-1: Ball
1-1: Ball
2-1: Foul Ball, location: 2F
2-2: Foul Ball, location: 2F
2-2: Foul Ball, location: 2F
2-2: Foul Ball, location: 2F
2-2: Strikes out swinging
Batting: LHB Bradley Kemp 0-0: Swinging Strike
0-1: Foul Ball, location: 2F
0-2: Strikes out swinging
Bottom of the 9th over - 0 runs, 1 hit, 0 errors, 1 left on base; Canonniers de Quebec 9 - Orlando 2
Friday, March 29th, 2019 - OOTP Baseball 18.8 Build 76